 Dungeon Crawl Stone Soup version 0.25-a0-942-g87a53962fc (webtiles) character file.

Game seed: 4996566553952131686, levelgen mode: deterministic

371 kae the Chiller (level 6, -6/41 HPs)
             Began as a Merfolk Ice Elementalist on May 6, 2020.
             Was an Initiate of Okawaru.
             Killed from afar by an orc wizard (7 damage)
             ... with a puff of flame
             ... on level 4 of the Dungeon.
             The game lasted 00:03:21 (4537 turns).

kae the Chiller (Merfolk Ice Elementalist)          Turns: 4537, Time: 00:03:22

Health: -6/41      AC:  2    Str: 13    XL:     6   Next: 71%
Magic:  4/12       EV: 13    Int: 15    God:    Okawaru [......]
Gold:   264        SH:  0    Dex: 14    Spells: 6/13 levels left

rFire    . . .     SeeInvis .   m - +0 falchion
rCold    . . .     Gourm    .   (no shield)
rNeg     . . .     Faith    .   a - +0 robe
rPois    .         Spirit   .   (no helmet)
rElec    .         Reflect  .   (no cloak)
rCorr    .         Harm     .   (no gloves)
MR       .....                  (no boots)
Stlth    ++........             (no amulet)
HPRegen  0.13/turn              j - +3 ring of strength
MPRegen  0.13/turn              (no ring)

@: hasted, very quick
A: change form in water, swift swim, stealthy swim
a: Renounce Religion


You were on level 4 of the Dungeon.
You worshipped Okawaru.
Okawaru was noncommittal.
You were hungry.

You visited 2 branches of the dungeon, and saw 5 of its levels.

You collected 264 gold pieces.

Inventory:

Hand Weapons
 m - a +0 falchion (weapon)
Armour
 a - a +0 robe (worn)
Jewellery
 j - a +3 ring of strength (left hand)
Scrolls
 h - a scroll of teleportation
 o - 2 scrolls of blinking
Potions
 b - a potion of degeneration
 d - a potion of resistance
 f - 3 potions of flight
 i - 2 potions of stabbing
 k - 2 potions of brilliance {unknown}
 l - a potion of might {unknown}
Comestibles
 c - 3 rations


   Skills:
 - Level 2.6 Dodging
 - Level 2.1 Stealth
 + Level 4.0 Spellcasting
 * Level 7.4 Ice Magic


You had 6 spell levels left.
You knew the following spells:

 Your Spells              Type           Power        Failure   Level  Hunger
a - Freeze                Ice            ####         1%          1    None
b - Frozen Ramparts       Ice            ####..       2%          3    ###....
c - Ozocubu's Armour      Chrm/Ice       ##......     12%         3    ###....

Your spell library contained the following spells:

 Spells                   Type           Power        Failure   Level  Hunger
 Hailstorm                Conj/Ice       ##......     36%         4    ####...
 Summon Ice Beast         Ice/Summ       ##......     36%         4    ####...


Dungeon Overview and Level Annotations

Branches:
Dungeon (4/15)             Temple (1/1) D:4

Altars:
Cheibriados
Elyvilon
Fedhas
Gozag
Hepliaklqana
Kikubaaqudgha
Makhleb
Nemelex Xobeh
Okawaru
Qazlal
Sif Muna
Trog
Uskayaw
Wu Jian
Xom
Yredelemnul

Annotations:
D:4 Menkaure


Message History

Confirm with . or Enter, or press ? or * to list all spells.
You can't see any susceptible monsters within range! (Use Z to cast anyway.)
You miss something. Something hits you.
* * * LOW HITPOINT WARNING * * *
Casting: Freeze (safe; 1% risk of failure)
Confirm with . or Enter, or press ? or * to list all spells.
You can't see any susceptible monsters within range! (Use Z to cast anyway.)
You hit something. Something hits you but does no damage.
You hit something.
You hear some strange, mumbled words.
A puff of flame appears from out of thin air!
The puff of flame hits you.
* * * LOW HITPOINT WARNING * * *
Something hits you.
* * * LOW HITPOINT WARNING * * *
It was a potion of haste.
You feel yourself speed up.
You hear some strange, mumbled words.
A puff of flame appears from out of thin air!
The puff of flame hits you!
You die...

#<.# #####.......>,,
#######..######***##
##.####.#**
≈≈≈≈..≈........,,,.# *.# *,*
≈≈≈≈≈≈≈..#########.#####.#***,*
≈≈≈≈≈≈≈....### #?.).......,,,,*
≈≈≈≈.≈≈≈≈....#
#.#.#####..,******
≈.≈≈≈.≈≈##.#.#
#.#...,,,.#.,,,,,,
...#≈≈.≈##.#.#
#{#.###**...******
#.##≈≈≈≈##.#.# #@#.# *,***
#.##≈≈≈≈##.#.###.#.# *,*
#.##≈≈≈###.#.......#****,*
#.###≈###..............,,*
...**≈# #..........####***
********#######....#
*,,,,,,.....# *******######


There were no monsters in sight!

Vanquished Creatures
  An ogre (D:4)
  2 orc wizards (D:4)
  Terence (D:3)
  A worker ant (D:4)
  8 adders
  An ooze (D:1)
  5 worms
  2 dart slugs
  A leopard gecko (D:1)
  4 orcs
  2 ball pythons
  3 giant cockroaches
  3 goblins
  5 hobgoblins
  9 jackals
  12 kobolds
  2 quokkas (D:2)
  6 bats
  2 frilled lizards
  13 rats
83 creatures vanquished.

Notes
Turn   | Place    | Note
-------+----------+-------------------------------------------
     0 | D:1      | kae the Merfolk Ice Elementalist began the quest for the
                  | Orb.
     0 | D:1      | Reached XP level 1. HP: 13/13 MP: 3/3
    59 | D:1      | Reached XP level 2. HP: 12/19 MP: 0/5
   618 | D:1      | Reached skill level 5 in Ice Magic
   839 | D:2      | Reached XP level 3. HP: 24/24 MP: 4/6
  1678 | D:2      | Reached XP level 4. HP: 26/30 MP: 0/8
  2266 | D:3      | Learned a level 3 spell: Frozen Ramparts
  2270 | D:3      | Learned a level 3 spell: Ozocubu's Armour
  2488 | D:3      | Noticed Terence
  2500 | D:3      | Killed Terence
  2500 | D:3      | Reached skill level 6 in Ice Magic
  2500 | D:3      | Reached XP level 5. HP: 17/35 MP: 3/9
  3820 | D:4      | Found a staircase to the Ecumenical Temple.
  3865 | Temple   | Entered the Ecumenical Temple
  4002 | Temple   | Became a worshipper of Warmaster Okawaru
  4209 | D:4      | Noticed Menkaure
  4253 | D:4      | Noticed an ogre
  4269 | D:4      | Killed an ogre
  4269 | D:4      | Reached skill level 7 in Ice Magic
  4269 | D:4      | Reached XP level 6. HP: 41/41 MP: 4/11
  4536 | D:4      | HP: 1/41 [something (2)]
  4537 | D:4      | Killed from afar by an orc wizard

Levels and vault maps discovered:
D:1:      minmay_arrival_four_houses, layout_basic
D:2:      layout_basic
D:3:      layout_basic, uniq_terence
D:4:      layout_loops_ring, lemuel_crystal_altar,
          minmay_temple_entry_gardened_gates, serial_rivers,
          chequers_serial_rivers_marsh, chequers_serial_rivers_marsh,
          chequers_serial_rivers_large_a, chequers_serial_rivers_micro_e,
          chequers_serial_rivers_micro_d, first_ration, lexackson_kobold_supper,
          uniq_natasha, uniq_grinder, uniq_menkaure
Temple:   eino_temple_rhombus

Skill      XL: |  1  2  3  4  5  6 |
---------------+-------------------+-----
Ice Magic      | 5 6 7 |  7.4
Spellcasting   | 3 4 |  4.0
Dodging        | |  2.6
Stealth        | |  2.1

Action                   |  1- 3 |  4- 6 || total
-------------------------+-------+-------++-------
Melee: Unarmed           |    70 |     1 ||    71
       Falchion          |       |    33 ||    33
       Tailslap          |       |     1 ||     1
 Cast: Freeze            |    57 |    83 ||   140
       Frozen Ramparts   |       |     2 ||     2
  Use: Scroll            |       |    10 ||    10
       Potion            |       |     3 ||     3
 Stab: Sleeping          |     1 |     1 ||     2
       Distracted        |       |     1 ||     1
  Eat: Chunk             |     2 |    10 ||    12
Armor: Robe              |    15 |     9 ||    24
Dodge: Dodged            |    88 |    66 ||   154
       Rpst.: Falchion   |       |    13 ||    13

Table legend:
 A = Non-vault XP
 B = Vault XP
 C = Vault XP percentage of total XP
 D = Non-vault monster count
 E = Vault monster count
 F = Vault count percentage of total count
                 A         B        C        D         E       F
            +---------+---------+-------+---------+---------+-------
      Total |     495 |      36 |   6.8 |      82 |       1 |   1.2
            +---------+---------+-------+---------+---------+-------
        D:1 |      30 |       0 |   0.0 |      15 |       0 |   0.0
        D:2 |      98 |       0 |   0.0 |      30 |       0 |   0.0
        D:3 |      86 |      36 |  29.5 |      25 |       1 |   3.8
        D:4 |     281 |       0 |   0.0 |      12 |       0 |   0.0
            +---------+---------+-------+---------+---------+-------
